 Dungeon Crawl Stone Soup version 0.28-a0-245-g639a1a48b9 (webtiles) character file.

Game seed: 5411478253598634237

102 mathmaestro the Ruffian (level 4, 0/67 HPs)
             Began as a Troll Monk on Aug 24, 2021.
             Slain by Sigmund (11 damage)
             ... on level 3 of the Dungeon.
             The game lasted 00:03:18 (1559 turns).

mathmaestro the Ruffian (Troll Monk)                Turns: 1559, Time: 00:03:18

Health: 0/67       AC:  4    Str: 20    XL:     4   Next: 50%
Magic:  0/3        EV: 10    Int:  6    God:
Gold:   34         SH:  0    Dex: 12    Spells: 3/3 levels left

rFire   . . .      SeeInvis .     - Unarmed
rCold   . . .      Faith    .   (no shield)
rNeg    . . .      Spirit   +   a - +0 robe
rPois   .          Reflect  .   (helmet restricted)
rElec   .          Harm     .   (no cloak)
rCorr   .          Rampage  .   (gloves unavailable)
Will    .....                   (boots unavailable)
Stlth   ..........              f - amulet of guardian spirit
HPRegen 1.21/turn               (no ring)
MPRegen 0.08/turn               (no ring)

@: berserking, very quick
A: large, unfitting armour, claws 3, regeneration 1, shaggy fur 1, tough skin 1
a: no special abilities


You were on level 3 of the Dungeon.
You visited 1 branch of the dungeon, and saw 3 of its levels.

You collected 34 gold pieces.

Inventory:

Armour
 a - a +0 robe (worn)
Jewellery
 f - an amulet of guardian spirit (around neck)
Scrolls
 b - a scroll of acquirement {unknown}
 c - 3 scrolls of identify {unknown}
 d - a scroll of enchant armour {unknown}
 e - a scroll of immolation {unknown}
 h - a scroll of noise {unknown}
 j - a scroll of teleportation {unknown}
 l - a scroll of fog {unknown}
Potions
 i - a potion of mutation {unknown}
 k - a potion of might {unknown}


   Skills:
 + Level 3.2 Fighting
 + Level 3.1 Dodging
 - Level 1.0 Stealth
 + Level 3.9 Unarmed Combat


You had 3 spell levels left.
You didn't know any spells.
Your spell library was empty.

Dungeon Overview and Level Annotations

Branches:
Dungeon (3/15)

Altars:

Annotations:
D:3 Sigmund


Innate Abilities, Weirdness & Mutations

You are too large for most types of armour.
You have claws for hands.
Your natural rate of healing is unusually fast.
You are covered in fur. (AC +1)
You have tough skin. (AC +1)


Message History

The adder is heavily wounded.
Sigmund mumbles some strange words.
Sigmund flickers and vanishes!
Deactivating autopickup; reactivate with Ctrl-A.
The adder bites you.
You closely miss the adder.
The adder is heavily wounded.
The adder barely misses you. Something hits you!
You miss the adder.
The adder is heavily wounded.
The adder bites you.
You closely miss the adder.
The adder is heavily wounded.
The adder bites you but does no damage. Something hits you.
You closely miss the adder.
The adder is heavily wounded.
The adder barely misses you. Something hits you but does no damage.
The adder bites you.
You claw the adder!
You kill the adder!
No target in view!
No target in view!
No target in view!
No target in view!
No target in view!
No target in view!
No target in view!
No target in view!
No target in view!
Something hits you!
You barely miss something. Something hits you.
You closely miss something. You claw something! Something hits you!
You closely miss something. Something hits you!
* * * LOW HITPOINT WARNING * * *
It was a potion of berserk rage.
A red film seems to cover your vision as you go berserk!
You feel yourself moving faster!
You feel mighty!
You claw something! Something hits you!
You die...

##### ######### #.....#
#........
.....<.##........
.........#........
.........#........
.........#........
.........#@{...$..
..................
........?###......
............(.....
.................. ...
............#..... ..#
..................
..##..............#.....
....#........#........


There were no monsters in sight!

Vanquished Creatures
  An iguana (D:3)
  An adder (D:3)
  3 dart slugs
  3 orcs (D:3)
  5 ball pythons
  6 endoplasms
  10 giant cockroaches
  4 goblins
  5 jackals
  4 kobolds
  4 quokkas
  2 bats (D:2)
  3 frilled lizards
  2 rats
53 creatures vanquished.

Notes
Turn   | Place    | Note
-------+----------+-------------------------------------------
     0 | D:1      | mathmaestro the Troll Monk began the quest for the Orb.
     0 | D:1      | Reached XP level 1. HP: 22/22 MP: 0/0
   208 | D:1      | Reached XP level 2. HP: 29/29 MP: 1/1
   760 | D:2      | Found a faded altar of an unknown god.
   790 | D:2      | Reached XP level 3. HP: 36/36 MP: 2/2
  1385 | D:3      | Reached XP level 4. HP: 45/45 MP: 3/3
  1540 | D:3      | Noticed Sigmund
  1559 | D:3      | Slain by Sigmund

Illustrated notes

Levels and vault maps discovered:
D:1:      zaba_arrival_water, layout_basic
D:2:      layout_basic, shapermc_ecumenical_altar_mp_highgroup
D:3:      minmay_roachtagon, layout_rooms, uniq_sigmund

Skill      XL: |  1  2  3 |
---------------+----------+-----
Fighting       | 3 |  3.2
Dodging        | 3 |  3.1
Stealth        | |  1.0
Unarmed Combat | |  3.9

Action                   |  1- 3 |  4- 6 || total
-------------------------+-------+-------++-------
Melee: Unarmed           |    81 |    54 ||   135
  Use: Potion            |       |     1 ||     1
 Stab: Sleeping          |     3 |       ||     3
Armor: Robe              |    17 |    22 ||    39
Dodge: Dodged            |    37 |    31 ||    68

Table legend: (Time is in decaauts)
 A = Elapsed time spent in this place.
 B = Non-inter-level travel time spent in this place.
 C = Inter-level travel time spent in this place.
 D = Time resting spent in this place.
 E = Time spent auto-exploring this place.
 F = Levels seen in this place.
 G = Mean time per level.
                   A        B        C        D        E       F      G
               +--------+--------+--------+--------+--------+-----+--------+
         Total |   1557 |   1494 |     63 |      0 |   1166 |   3 |  519.0 |
       Dungeon |   1557 |   1494 |     63 |      0 |   1166 |   3 |  519.0 |
               +--------+--------+--------+--------+--------+-----+--------+

Top non-repeatable levels by time:
     D:2: 787 daAuts
     D:1: 589 daAuts
     D:3: 180 daAuts
